 Dungeon Crawl Stone Soup version 0.28.0 (webtiles) character file.

Game seed: 10053008860494919106

84 anarkitty the Gusty (level 4, -1/33 HPs)
             Began as a Draconian Air Elementalist on Feb 14, 2022.
             Was a Believer of Dithmenos.
             Killed from afar by an orc wizard (9 damage)
             ... with a puff of flame
             ... on level 3 of the Dungeon.
             The game lasted 00:08:26 (3388 turns).

anarkitty the Gusty (Draconian Air Elementalist)    Turns: 3388, Time: 00:08:26

Health: -1/33      AC:  5    Str: 10    XL:     4   Next: 23%
Magic:  4/8        EV: 10    Int: 18    God:    Dithmenos [**....]
Gold:   63         SH: 13    Dex: 11    Spells: 2/8 levels left

rFire   . . .      SeeInvis .   d - +0 long sword
rCold   + . .      Faith    .   g - +7 kite shield of Xajehes {*Slow rElec rC+ rN++ Stlth+}
rNeg    + + .      Spirit   .   (armour unavailable)
rPois   .          Reflect  .   (helmet restricted)
rElec   +          Harm     .   (no cloak)
rCorr   .          Rampage  .   (no gloves)
Will    .....                   (no boots)
Stlth   +++.......              (no amulet)
HPRegen 0.11/turn               (no ring)
MPRegen 0.11/turn               (no ring)

@: very slightly contaminated, wreathed by umbra
A: AC +5, unfitting armour, cold-blooded
a: Renounce Religion, Shadow Step


You were on level 3 of the Dungeon.
You worshipped Dithmenos.
Dithmenos was pleased with you.
You visited 1 branch of the dungeon, and saw 3 of its levels.

You collected 63 gold pieces.

Inventory:

Hand Weapons
 d - a +0 long sword (weapon)
Armour
 g - the +7 kite shield of Xajehes (worn) {*Slow rElec rC+ rN++ Stlth+}
   (You found it on level 2 of the Dungeon)

   rC:        It protects you from cold.
   rElec:     It insulates you from electricity.
   rN:        It greatly protects you from negative energy.
   *Slow:     It may slow you when you take damage.
   Stlth:     It makes you more stealthy.
Magical Staves
 a - a staff of death
Jewellery
 k - a ring of ice
Wands
 i - a wand of acid (2)
Scrolls
 c - a scroll of identify {unknown}
 h - a scroll of fog {unknown}
 j - a scroll of fear {unknown}
Potions
 b - 2 potions of might {unknown}
 e - 2 potions of curing {unknown}
 f - a potion of mutation {unknown}
 l - a potion of cancellation {unknown}


   Skills:
 + Level 0.1 Fighting
 + Level 1.0 Long Blades
 + Level 1.8 Dodging
 + Level 2.2 Stealth
 + Level 0.1 Shields
 + Level 2.6 Spellcasting
 + Level 1.6 Conjurations
 + Level 3.9 Air Magic


You had 2 spell levels left.
You knew the following spells:

 Your Spells              Type           Power      Damage    Failure   Level
a - Shock                 Conj/Air       48%        1d6       19%         1
b - Static Discharge      Conj/Air       12%        N/A       28%         2
c - Swiftness             Air            16%        N/A       34%         3

Your spell library contained the following spells:

 Spells                   Type           Power      Damage    Failure   Level
 Airstrike                Air            8%         N/A       75%         4


Dungeon Overview and Level Annotations

Branches:
Dungeon (3/15)

Altars:
Dithmenos

Shops:
D:3 (*


Innate Abilities, Weirdness & Mutations

Your plain brown scales are hard. (AC +5)
You cannot fit into any form of body armour.
You are cold-blooded and may be slowed by cold attacks.


Message History

The giant cockroach bites you but does no damage.
The orc hits you with a +0 club.
You miss something.
Your tail-slap misses something.
You block the orc's attack. You block something's attack.
The giant cockroach barely misses you. The hobgoblin hits you.
The orc hits you with a +0 club. You block the orc's attack.
You hear some strange, mumbled words.
A magic dart appears from out of thin air!
The magic dart hits you.
* * * LOW HITPOINT WARNING * * *
Casting: Shock (safe; 19% risk of failure)
Confirm with . or Enter, or press ? or * to list all spells.
The spell is quite dangerous to miscast (28% risk of failure)!
Continue anyway?
You miscast Static Discharge.
You are very lightly contaminated with residual magic.
Nothing appears to happen.
You block the giant cockroach's attack.
The hobgoblin hits you but does no damage.
You block the orc's attack. The giant cockroach closely misses you.
The orc hits you but does no damage.
You hear some strange, mumbled words.
Something tries to affect you, but you resist.
Casting: Static Discharge (quite dangerous; 28% risk of failure)
Confirm with . or Enter, or press ? or * to list all spells.
The spell is quite dangerous to miscast (28% risk of failure)!
Continue anyway?
The giant cockroach is struck by an arc of lightning.
You kill the giant cockroach!
Dithmenos accepts your kill.
Something is struck by an arc of lightning.
The lightning grounds out.
The orc is struck by an arc of lightning.
The orc is heavily wounded.
The orc is struck by an arc of lightning.
You kill the orc!
Dithmenos accepts your kill.
The lightning grounds out.
You block the hobgoblin's attack. The orc hits you but does no damage.
You hear some strange, mumbled words.
A puff of flame appears from out of thin air!
The puff of flame hits you!
You die...

## .####### .##..>.#
####
.##.#..#######..########
.##.#.......#..........#
.##....####.#..........#
.####.......#..†@).....#
..........#.#..g{o.....#
.#..........#..........#
.#.#.##.#...#..........#
.#.#........##....######
.#.########.##.......#
.#.# #.......#...##.#
.#.. #.###.#[#.......
.### ...#.#.......


You could see an orc and a hobgoblin.

Vanquished Creatures
  An adder (D:2)
  A worm (D:2)
  2 dart slugs
  An orc (D:3)
  3 bats
  6 endoplasms
  4 giant cockroaches
  9 hobgoblins
  2 jackals (D:2)
  3 quokkas
  8 ball pythons
  5 frilled lizards
  7 goblins
  7 kobolds
  5 rats
64 creatures vanquished.

Notes
Turn   | Place    | Note
-------+----------+-------------------------------------------
     0 | D:1      | anarkitty the Draconian Air Elementalist began the quest
                  | for the Orb.
     0 | D:1      | Reached XP level 1. HP: 14/14 MP: 3/3
   500 | D:1      | Reached XP level 2. HP: 14/20 MP: 3/5
   872 | D:1      | Found a faded altar of an unknown god.
   882 | D:1      | Prayed at the altar of an unknown god.
   882 | D:1      | Became a worshipper of Dithmenos the Shadowed
   882 | D:1      | Reached * piety under Dithmenos
  1256 | D:1      | Reached XP level 3. HP: 25/26 MP: 2/6
  1658 | D:2      | Learned a level 2 spell: Static Discharge
  1662 | D:2      | Learned a level 3 spell: Swiftness
  1832 | D:2      | Identified the +7 kite shield of Xajehes {*Slow rElec rC+
                  | rN++ Stlth+}
  2443 | D:2      | Reached ** piety under Dithmenos
  2691 | D:2      | Reached XP level 4. HP: 30/33 MP: 0/7
  3216 | D:3      | Reached skill level 1 in Long Blades
  3265 | D:3      | Found Begeykha's Weapon Shoppe.
  3314 | D:3      | Found Cisaysum's General Store.
  3388 | D:3      | Killed from afar by an orc wizard

Illustrated notes

Levels and vault maps discovered:
D:1:      scummos_arrival_checkerplants, layout_basic,
          hellmonk_ecumenical_altar_zigzags, minmay_pentomino_r2
D:2:      layout_basic, minmay_misc_feat_more_columns,
          chequers_serial_rivers_large_b
D:3:      layout_basic, serial_shops, shop, shop_statue, shop, shop_statue, shop

Skill      XL: |  1  2  3  4 |
---------------+-------------+-----
Stealth        | 2 |  2.2
Long Blades    | 1 |  1.0
Fighting       | |  0.1
Dodging        | |  1.8
Shields        | |  0.1
Spellcasting   | |  2.6
Conjurations   | |  1.6
Air Magic      | |  3.9

Action                   |  1- 3 |  4- 6 || total
-------------------------+-------+-------++-------
Melee: Unarmed           |     6 |       ||     6
       Tailslap          |     6 |       ||     6
       Long sword        |    41 |     6 ||    47
 Cast: Shock             |    92 |    15 ||   107
       Static Discharge  |     2 |     1 ||     3
 Stab: Sleeping          |     1 |       ||     1
Armor: Skin              |    14 |    15 ||    29
Dodge: Dodged            |    25 |    14 ||    39
Block: Kite shield       |    21 |    11 ||    32
